Unix NetHack Version 3.7.0-88 Work-in-progress - last build Aug 6 2023 13:40:22 (5c9c4c7fffe0d5f0a8b1342c2a36a56ed743986a,branch:master). Game began 2023-08-16 09:42:34, ended 2023-08-17 18:30:02. puncake, chaotic male orcish Rogue ----- -------------- |(.(| -------- ####.......{.....| |(??| |.......#########|............| ------ |...| |......| # #------.------- |....| -|--- ##-......| # ########### |..`.| ## # |...^..| # ###### |..[.-# # # |.......# # # # -.--|-# # ## --------# # 0### ## # # # # # # # ## # # #### # ### # ### # # # # # #### ## # # ### # # #-------# # # # ---+---- -.------# #|.<..$.# # -----.------- ##-*.)...| |......|# #|.*...|# ----.-- |.........(.| |....).| |.......# #-......# |.....| #............| +...i.*| |......| |...{.| |......####|.........[.| ----...| -------- ------- |....`| ------------- |*(.| |...`.+ |@*^| ---+--- ----- Puncake the Cutpurse St:14 Dx:14 Co:16 In:10 Wi:10 Ch:10 Chaotic S:398 Dlvl:4 $:84 HP:0(24) Pw:8(8) AC:4 Xp:3/41 T:1855 Latest messages: You see here a large box. Hmmm, the large box turns out to be locked. Unlock it with your lock pick? y You succeed in picking the lock. You trigger a trap! A tower of flame bursts from the large box! Your scroll called enchant weapon catches fire and burns! Both of your scrolls labeled JUYED AWK YACC catch fire and burn! v - a lembas wafer. w - a scroll labeled DUAM XNAHT. x - a yellow potion. You swap places with Bingus. You see here a plate mail. You see here a crystal helmet. You see here a crystal helmet. There's some graffiti on the floor here. You read: "They s?y th?t an ?ltar can idcntify bless?ng?". You see here a crystal helmet. You find a hidden door. You hear someone cursing shoplifters. You hear the chime of a cash register. There's some graffiti on the floor here. You read: "They s?y th?t an ?ltar can idcntify bless?ng?". You are in full health. The door resists! The door opens. You find a hidden passage. You swap places with Bingus. You find a hidden passage. You stop. Bingus is in the way! You swap places with Bingus. The '5' prefix should be followed by a movement command. You find a hidden door. The door opens. A trap door in the ceiling opens and a rock falls on your head! You find a falling rock trap. Bingus is hit by a rock! You find a hidden door. Bingus picks up a gold piece. You find a falling rock trap. A trap door in the ceiling opens and a rock falls on your head! $ - 10 gold pieces (84 in total). You find a falling rock trap. You find a falling rock trap. Bingus is hit by a rock! Bingus is killed! A trap door in the ceiling opens and a rock falls on your head! A trap door in the ceiling opens and a rock falls on your head! You die... Do you want to see the dungeon overview? q Inventory: Coins $ - 84 gold pieces Weapons l - 82 uncursed +0 darts b - an uncursed +0 orcish dagger (weapon in hand) j - 9 uncursed +0 orcish daggers (at the ready) a - an uncursed +0 orcish short sword (alternate weapon; not wielded) Armor q - a blessed +0 dwarvish mithril-coat (being worn) Comestibles i - an uncursed food ration n - 3 uncursed food rations v - an uncursed lembas wafer p - an uncursed tripe ration m - an uncursed lichen corpse Scrolls w - an uncursed scroll of destroy armor Potions d - an uncursed potion of sickness x - an uncursed potion of speed Tools f - an empty uncursed sack g - an uncursed blindfold e - an uncursed lock pick Gems/Stones k - 2 cursed worthless pieces of orange glass Puncake the Rogue's attributes: Background: You were a Cutpurse, a level 3 male orcish Rogue. You were chaotic, nominally on a mission for Kos who was opposed by Issek (lawful) and Mog (neutral). You were in the Dungeons of Doom, on level 4. You entered the dungeon 1855 turns ago. There was a new moon in effect when your adventure ended. You had 41 experience points, 39 more were needed to attain level 4. Your score was 398 before end-of-game adjustments. Basics: You had 0 out of 24 hit points. You had all 8 energy points (spell power). Your armor class was 4. Your wallet contained 84 zorkmids. Autopickup was on for '%$?!/="+' plus thrown, with exceptions. Final Characteristics: Your strength was 14 (limit:18/50). Your dexterity was 14 (limit:18). Your constitution was 16 (limit:18). Your intelligence was 10 (limit:16). Your wisdom was 10 (limit:16). Your charisma was 10 (limit:16). Final Status: You were not hungry. You were unencumbered. You were wielding a dagger. You had basic skill with dagger. Final Attributes: You were devoutly aligned. You were poison resistant. You had infravision. You were stealthy. You were guarded. You are dead. Miscellaneous: You never encountered a bones level. Total elapsed playing time was 16 minutes and 58 seconds. Major events: Turn 1: puncake the chaotic male orcish Rogue entered the dungeon 1258: entered the Gnomish Mines 1613: attained the rank of Cutpurse (level 3) 1855: killed by a falling rock Vanquished creatures: a shrieker a little dog a kitten 2 coyotes a manes 2 giant rats 2 cave spiders a yellow mold a garter snake a gnome zombie 3 jackals 2 foxes a goblin a grid bug 3 lichens a newt 24 creatures vanquished. No species were genocided or became extinct. Voluntary challenges: You were an atheist. You read items or engraved 2 times. You engraved Elbereth 2 times. You never genocided any monsters. You never polymorphed an object. You never changed form. You used no wishes. Achievements: You entered the Gnomish Mines. You entered a shop. You attained the rank of Cutpurse. The Dungeons of Doom: levels 1 to 4 Level 1: A fountain. Level 2: Level 3: Stairs down to The Gnomish Mines. Level 4: <- You were here. A general store, some fountains. Final resting place for you, killed by a falling rock. The Gnomish Mines: Level 4: Game over: ---------- / \ / REST \ / IN \ / PEACE \ / \ | puncake | | 84 Au | | killed by a | | falling rock | | | | | | 2023 | *| * * * | * _________)/\\_//(\/(/\)/\//\/|_)_______ Goodbye puncake the Rogue... You died in The Dungeons of Doom on dungeon level 4 with 390 points, and 84 pieces of gold, after 1855 moves. You were level 3 with a maximum of 24 hit points when you died.